 Dungeon Crawl Stone Soup version 0.18-a0-1078-gebb93d0 (webtiles) character file.

262 gorblad the Skirmisher (level 6, -16/53 HPs)
             Began as a Human Fighter on Jan 14, 2016.
             Was an Initiate of Elyvilon.
             Demolished by an ogre
             ... wielding a +0 giant club
              (18 damage)
             ... on level 5 of the Dungeon.
             The game lasted 00:09:00 (3441 turns).

gorblad the Skirmisher (Human Fighter)              Turns: 3441, Time: 00:09:00

Health: -16/53     AC:  7    Str: 18    XL:     6   Next: 42%
Magic:  6/6        EV:  7    Int:  8    God:    Elyvilon [......]
Gold:   135        SH:  9    Dex: 13    Spells: 0 memorised, 5 levels left

rFire  . . .     SeeInvis .     a - +0 long sword
rCold  . . .     Gourm    .     b - +0 scale mail
rNeg   . . .     Faith    .     g - +0 shield
rPois  .         Spirit   .     m - +0 helmet
rElec  .         Dismiss  +     (no cloak)
rCorr  .         Reflect  .     (no gloves)
SustAt .         Harm     .     (no boots)
MR     .....                    e - amulet of dismissal
Stlth  ..........               (no ring)
                                (no ring)

@: very slightly contaminated, hasted, very quick, not resistant to hostile
enchantments, extremely unstealthy
A: no striking features
a: Renounce Religion


You were on level 5 of the Dungeon.
You worshipped Elyvilon.
Elyvilon was noncommittal.
You were not hungry.

You visited 2 branches of the dungeon, and saw 6 of its levels.

You collected 135 gold pieces.

Inventory:

Hand Weapons
 a - a +0 long sword (weapon)
Missiles
 k - 7 javelins of penetration (quivered)
Armour
 b - a +0 scale mail (worn)
 c - a +0 shield
 g - a +0 shield (worn)
 i - a +0 hat
 m - a +0 helmet (worn)
Jewellery
 e - an amulet of dismissal (around neck)
Scrolls
 l - a scroll of identify
 u - a scroll of fog
 v - a scroll of amnesia
Potions
 d - a potion of might
 j - a potion of haste
 n - a potion of lignification {unknown}
 o - a potion of agility
 r - a potion of poison {unknown}
 w - 2 potions of flight
Comestibles
 f - 5 bread rations
 h - a fruit
 p - a beef jerky
 q - a chunk of flesh
 s - a meat ration


   Skills:
 + Level 6.7 Fighting
 - Level 2.0 Long Blades
 - Level 3.0 Armour
 - Level 3.0 Shields


You had 5 spell levels left.
You didn't know any spells.

Dungeon Overview and Level Annotations

Branches:
Dungeon (5/15)             Temple (1/1) D:5

Altars:
Dithmenos
Elyvilon
Gozag
Kikubaaqudgha
Okawaru
Pakellas
Qazlal
Ru
Sif Muna
Trog
Yredelemnul
Zin
The Shining One


Message History

Drink which item? (? for menu, Esc to quit)
It was a potion of haste.
You feel yourself speed up.
You are very lightly contaminated with residual magic.
The phantom blinks!
The phantom blinks!
You enter the shallow water.
Moving in this stuff is going to be slow.
The phantom blinks!
The centaur skeleton barely misses you.
You closely miss the phantom. The centaur skeleton hits you.
* * * LOW HITPOINT WARNING * * *
The phantom hits you.
* * * LOW HITPOINT WARNING * * *
The phantom blinks!
The phantom hits you.
* * * LOW HITPOINT WARNING * * *
The phantom blinks!
The centaur skeleton hits you but does no damage.
The ogre hits you with a giant club!!
You die...

###### #.#.......#### ......
...........W.# ######
#.#.......##.# ...#
#.#######.##.# ...# #.#
#...#.# ...# #.######.#.#.# ..
#########.##..W≈≈..#.# ....
[.......#.##.≈≈§§≈...####.....
#######.#...§§§§@Z≈..(........
............§§≈>§O≈...........
#######.####§≈§≈§≈§...........
#.# #.≈≈§≈≈...####...## #.#
#...≈§§..#... ..... ..#
#.######+#...# .... ..# #.
....# .## #..# # .$.... ?. ...
...#.##


You could see a phantom, an ogre and a centaur skeleton.

Vanquished Creatures
  A scorpion (D:4)
  A hound (D:5)
  An orc priest (D:4)
  A worker ant (D:4)
  Robin (D:4)
  An adder (D:2)
  2 oozes
  3 adder skeletons (D:4)
  2 worms
  3 giant geckos
  2 orcs (D:4)
  3 ball pythons
  5 giant cockroaches
  14 goblins
  8 hobgoblins
  2 jackals (D:1)
  8 kobolds
  2 quokkas (D:3)
  12 bats
  A giant newt (D:4)
  11 rats
84 creatures vanquished.

Notes
Turn   | Place    | Note
--------------------------------------------------------------
     0 | D:1      | gorblad the Human Fighter began the quest for the Orb.
     0 | D:1      | Reached XP level 1. HP: 18/18 MP: 1/1
    61 | D:1      | Reached XP level 2. HP: 22/24 MP: 2/2
   248 | D:1      | Reached skill level 4 in Fighting
   248 | D:1      | Reached XP level 3. HP: 30/30 MP: 3/3
   929 | D:2      | Reached XP level 4. HP: 35/38 MP: 4/4
  1532 | D:2      | Reached skill level 5 in Fighting
  2103 | D:3      | Found a sacrificial altar of Ru.
  2293 | D:3      | Reached XP level 5. HP: 44/44 MP: 5/5
  2497 | D:4      | Noticed Robin
  2509 | D:4      | Killed Robin
  2661 | D:4      | Reached skill level 6 in Fighting
  2897 | D:4      | Reached XP level 6. HP: 23/53 MP: 6/6
  3261 | D:5      | Entered Level 5 of the Dungeon
  3336 | D:5      | Found a staircase to the Ecumenical Temple.
  3350 | Temple   | Entered the Ecumenical Temple
  3403 | Temple   | Became a worshipper of Elyvilon the Healer
  3421 | D:5      | Noticed a phantom
  3428 | D:5      | Noticed an ogre
  3441 | D:5      | HP: 2/53 [phantom (5)]
  3441 | D:5      | Demolished by an ogre

Vault maps used:
D:1:      minmay_arrival_solitary_statue
D:2:      st_stairs_1
D:3:      nicolae_ru_the_path_less_chosen
D:4:      uniq_robin
D:5:      nicolae_ashenzari_panopticon, nemelex_deck, minmay_temple_entry_mist,
          first_bread
Temple:   minmay_freezing_vapour_temple_12

Action                   |  1- 3 |  4- 6 || total
-------------------------+-------+-------++-------
Melee: Long sword        |    88 |   206 ||   294
  Use: Scroll            |     1 |     8 ||     9
       Potion            |       |     1 ||     1
  Eat: Chunk             |       |     9 ||     9
